 Dungeon Crawl Stone Soup version 0.24-b1 (webtiles) character file.

Game seed: 11878343914028125095, levelgen mode: deterministic

161 KarmaPolice the Sneak (level 5, -1/28 HPs)
             Began as a Vine Stalker Assassin on Oct 13, 2019.
             Slain by an iguana (13 damage)
             ... on level 3 of the Dungeon.
             The game lasted 00:07:33 (2444 turns).

KarmaPolice the Sneak (Vine Stalker Assassin)       Turns: 2444, Time: 00:07:34

Health: -1/28      AC:  4    Str: 15    XL:     5   Next: 42%
Magic:  0/6        EV: 11    Int: 11    God:
Gold:   129        SH:  0    Dex: 15    Spells: 4/4 levels left

rFire    . . .     SeeInvis .   a - +2 dagger
rCold    . . .     Gourm    .   (no shield)
rNeg     . . .     Faith    .   b - +0 robe
rPois    .         Spirit   +   (no helmet)
rElec    .         Reflect  .   c - +0 cloak
rCorr    .         Harm     .   (no gloves)
MR       .....                  t - +0 pair of boots
Stlth    +++.......             (no amulet)
HPRegen  0.49/turn              (no ring)
MPRegen  0.10/turn              (no ring)

@: no status effects
A: fangs 2, regeneration 1, magic shield, antimagic bite, no potion heal 3, rot
immunity
a: no special abilities


You were on level 3 of the Dungeon.
You were hungry.

You visited 1 branch of the dungeon, and saw 4 of its levels.

You collected 129 gold pieces.

Inventory:

Hand Weapons
 a - a +2 dagger (weapon)
 n - a +0 hand axe
Missiles
 d - 37 poisoned darts (quivered)
 e - 2 curare-tipped darts
 g - 131 stones
 h - 11 boomerangs
Armour
 b - a +0 robe (worn)
 c - a +0 cloak (worn)
 t - a +0 pair of boots (worn)
Jewellery
 q - a +2 ring of evasion {unknown}
 r - an uncursed amulet of regeneration {unknown}
Wands
 s - a wand of flame (27)
Scrolls
 i - 2 scrolls of identify
 k - 3 scrolls of remove curse
 m - a scroll of random uselessness {unknown}
 u - a scroll of fog {unknown}
 v - a scroll of blinking
Potions
 j - 2 potions of mutation {unknown}
 l - a potion of degeneration {unknown}
 o - a potion of agility {unknown}
 p - a potion of ambrosia {unknown}
Comestibles
 f - 7 rations


   Skills:
 + Level 2.8 Fighting
 - Level 2.6 Short Blades
 - Level 0.5 Axes
 + Level 2.9 Throwing
 - Level 0.7 Dodging
 + Level 5.9 Stealth
 + Level 0.2 Evocations


You had 4 spell levels left.
You didn't know any spells.
Your spell library was empty.

Dungeon Overview and Level Annotations

Branches:
Dungeon (4/15)
 Temple: D:4-7

Altars:
Dithmenos
Zin
The Shining One


Innate Abilities, Weirdness & Mutations

You have extremely sharp teeth.
Your natural rate of healing is unusually fast.
When hurt, damage is shared between your health and your magic reserves.
Your bite disrupts and absorbs the magic of your enemies.
Potions cannot restore your health.
You are immune to rotting.


Message History

Aim: an iguana You throw a poisoned dart.
The poisoned dart hits the iguana!
The iguana is poisoned.
The orc priest looks braver for a moment.
Throwing (i - inventory. (/) - cycle)
d - 39 poisoned darts (quivered)
Press: ? - help, Shift-Dir - straight line, f/p - iguana
Aim: an iguana (poisoned)
You throw a poisoned dart.
The poisoned dart closely misses the iguana.
Throwing (i - inventory. (/) - cycle)
d - 38 poisoned darts (quivered)
Press: ? - help, Shift-Dir - straight line, f/p - iguana
Aim: an iguana (lightly wounded, poisoned)
You throw a poisoned dart. The poisoned dart hits the iguana.
The iguana looks even sicker.
The iguana is lightly wounded.
You climb upwards.
There is a stone staircase leading down here.
The iguana bites you! The iguana bites you!
You die...

######### #...... #.......##
#...... #........######......
####..)................<
#######..'.............##+#.##
#........#........≈≈≈..##.#.#
#........#........≈≈≈..##.#.#
#........#####....≈≈≈..##.#.##
#######.##>.l@....≈≈≈.........
#.##.###.....⌠......#.## ###
###.##.###..#......####.#.
#.###....#.#....##...#.# #.#.
####.....####.#.#.....###.# #.#.
#.............#....#.####.####.#.
#.##........#).................#.
#.###...###.#..#.###.##.#.######.
#.........#.##.#.#......### #.


You could see an iguana.

Vanquished Creatures
  An orc priest (D:2)
  Jessica (D:2)
  An iguana (D:3)
  An adder (D:3)
  A gnoll (D:1)
  An ooze (D:1)
  3 worms
  A dart slug (D:1)
  A leopard gecko (D:1)
  3 orcs
  5 giant cockroaches
  4 goblins
  5 hobgoblins
  A ball python (D:1)
  2 bats
  A frilled lizard (D:1)
  8 kobolds
  7 rats
47 creatures vanquished.

Notes
Turn   | Place    | Note
-------+----------+-------------------------------------------
     0 | D:1      | KarmaPolice the Vine Stalker Assassin began the quest for
                  | the Orb.
     0 | D:1      | Reached XP level 1. HP: 11/11 MP: 2/2
   102 | D:1      | Reached skill level 5 in Stealth
   102 | D:1      | Reached XP level 2. HP: 10/15 MP: 1/3
   136 | D:1      | Reached XP level 3. HP: 15/18 MP: 4/4
   633 | D:2      | You fall into a shaft and drop 1 floor!
   651 | D:3      | Gained mutation: Your natural rate of healing is unusually
                  | fast. [Vine Stalker growth]
   651 | D:3      | Reached XP level 4. HP: 11/23 MP: 2/5
   840 | D:2      | Noticed Jessica
   843 | D:2      | Killed Jessica
   843 | D:2      | Reached XP level 5. HP: 27/27 MP: 6/6
   858 | D:2      | Found a glowing golden altar of the Shining One.
  1238 | D:2      | Found a glowing silver altar of Zin.
  1722 | D:3      | You fall into a shaft and drop 1 floor!
  1760 | D:2      | Found a shadowy altar of Dithmenos.
  2444 | D:3      | Slain by an iguana

Skill      XL: |  1  2 |
---------------+-------+-----
Stealth        | 5 |  5.9
Fighting       | 2 |  2.8
Throwing       | 2 |  2.9
Short Blades   | 2 |  2.6
Axes           | |  0.5
Dodging        | |  0.7
Evocations     | |  0.2

Action                   |  1- 3 |  4- 6 || total
-------------------------+-------+-------++-------
Melee: Dagger            |    47 |    60 ||   107
       Bite              |     4 |    21 ||    25
Throw: Dart              |     7 |     6 ||    13
       Stone             |       |     6 ||     6
  Use: Scroll            |       |     2 ||     2
 Stab: Sleeping          |    10 |     8 ||    18
  Eat: Chunk             |       |     4 ||     4
Armor: Robe              |     6 |     3 ||     9
Dodge: Dodged            |    19 |    33 ||    52
